 Dungeon Crawl Stone Soup version 0.29.1-12-g30fa7ad0bf (webtiles) character file.

Game seed: 1821175149202153063

987 hawla the Chiller (level 8, -11/59 HPs)
             Began as a Meteoran Ice Elementalist on Jan 9, 2023.
             Was an Initiate of Vehumet.
             Mangled by a death yak (23 damage)
             ... on level 8 of the Dungeon.
             The game lasted 00:07:03 (769 turns).

hawla the Chiller (Meteoran Ice Elementalist)        Turns: 769, Time: 00:07:05

Health: -11/59     AC:  2    Str:  8    XL:     8   Next: 68%
Magic:  12/18      EV: 14    Int: 18    God:    Vehumet [......]
Gold:   72         SH:  0    Dex: 19    Spells: 11/19 levels left

rFire   . . .      SeeInvis .   (no weapon)
rCold   . . .      Faith    .   (no shield)
rNeg    . . .      Spirit   .   a - +0 robe
rPois   .          Reflect  .   (helmet restricted)
rElec   .          Harm     .   (no cloak)
rCorr   .          Rampage  .   (no gloves)
Will    +....                   (no boots)
Stlth   +.........              (no amulet)
HPRegen 0.19/turn               (no ring)
MPRegen 0.16/turn               (no ring)

@: freezing walls, glowing
A: sense surroundings 1, otherworldly, glowing, explore regen, antennae 1, agile
1
a: Renounce Religion


You were on level 8 of the Dungeon.
You worshipped Vehumet.
Vehumet was noncommittal.
You visited 2 branches of the dungeon, and saw 9 of its levels.

You collected 72 gold pieces.

Inventory:

Armour
 a - a +0 robe (worn)
Jewellery
 c - a ring of ice
Scrolls
 b - a scroll of fear
Potions
 d - a potion of lignification {unknown}


   Skills:
 + Level 1.3 Fighting
 + Level 3.5 Dodging
 - Level 1.4 Stealth
 + Level 6.0 Spellcasting
 + Level 5.6 Conjurations
 + Level 7.6 Ice Magic


You had 11 spell levels left.
You knew the following spells:

 Your Spells              Type           Power      Damage    Failure   Level
a - Freeze                Ice            100%       1d11      1%          1
b - Frozen Ramparts       Ice            66%        1d10      1%          3
c - Hailstorm             Conj/Ice       29%        3d8       8%          4

Your spell library contained the following spells:

 Spells                   Type           Power      Damage    Failure   Level
 Ozocubu's Armour         Ice            33%        N/A       1%          3
 Slow                     Hex            20%        N/A       12%         1
 Confusing Touch          Hex            5%         N/A       34%         3
 Vampiric Draining        Necr           5%         2d6       34%         3


Dungeon Overview and Level Annotations

Branches:
Dungeon (8/15) Zot: 4220   Temple (1/1) D:4 Zot: 425
   Lair: D:8-11

Altars:
Ashenzari
Cheibriados
Dithmenos
Elyvilon
Fedhas
Gozag
Hepliaklqana
Kikubaaqudgha
Makhleb
Okawaru
Sif Muna
Trog
Uskayaw
Vehumet
Yredelemnul
Zin
The Shining One


Innate Abilities, Weirdness & Mutations

You passively map a small area around you.
You are easily found by Zot.
You glow in the dark.
You regain HP and MP as you explore.
You have a pair of small antennae on your head.
You are agile. (Dex +4, Str/Int -1)


Message History

You kill the ufetubus!
Vehumet accepts your kill.
Unknown command.
You climb downwards.
There is a stone staircase leading up here.
Magic restored.
d - a blue potion A death yak comes into view.
The death yak bellows!
Found a stone staircase leading down.
An ice beast comes into view.
A hornet comes into view.
An unseen horror simulacrum comes into view.
The hornet moves out of view.
You see here a scroll labelled AHED OFFISE.
Casting: Freeze (safe; 1% risk of failure)
Confirm with . or Enter, or press ? or * to list all spells.
Casting: Hailstorm (dangerous; 8% risk of failure)
Press: ? - help, Dir - look around, f - activate A cannonade of hail descends around you!
The hail pelts the death yak.
The death yak is lightly wounded.
A polar bear comes into view.
Unknown command.
Casting: Hailstorm (dangerous; 8% risk of failure)
Confirm with . or Enter, or press ? or * to list all spells.
Casting: Frozen Ramparts (safe; 1% risk of failure)
Press: ? - help, Dir - look around, f - activate The walls around you are covered in ice.
The polar bear growls angrily.
The wall freezes the unseen horror simulacrum but does no damage.
The unseen horror simulacrum hits you.
The unseen horror simulacrum freezes you!!
The unseen horror simulacrum completely resists.
The wall freezes the unseen horror simulacrum but does no damage.
The unseen horror simulacrum hits you!
The unseen horror simulacrum freezes you!!
* * * LOW HITPOINT WARNING * * *
The wall freezes the death yak.
The death yak gores you!!
You die...

, ~##.....## ,
#>...... ,
#.......* ,
~#....... ,
.......##*
...#..... ##
.h....Z.#* .#####
.....#@###.....#
.....#Y........#
~ ~
................#
......#.........#
,
~.....#....8....#
~ ~≈..Y.
#.........# ~....
#........## ~~..
,#........# ....
#..#######


You could see a death yak, a polar bear, an ice beast and an unseen horror
simulacrum.

Vanquished Creatures
  Pikel (D:7)
  Sigmund (D:4)
  A water moccasin (D:7)
  A black bear (D:5)
  2 lemures (D:7)
  2 howler monkeys
  A jelly (D:6)
  Jessica (D:3)
  An adder (D:3)
  An ufetubus (D:7)
  A worm (D:3)
  2 ball pythons (D:4)
  2 hobgoblins
  A kobold (D:3)
  2 quokkas
  A bat (D:2)
21 creatures vanquished.

Notes
Turn   | Place    | Note
-------+----------+-------------------------------------------
     0 | D:1      | hawla the Meteoran Ice Elementalist began the quest for the
                  | Orb.
     0 | D:1      | Reached XP level 1. HP: 14/14 MP: 5/5
   120 | D:3      | Noticed Jessica
   123 | D:3      | Killed Jessica
   124 | D:3      | Reached skill level 5 in Ice Magic
   124 | D:3      | Reached XP level 2. HP: 11/20 MP: 3/6
   124 | D:3      | Reached XP level 3. HP: 14/26 MP: 4/8
   171 | D:3      | Learned a level 3 spell: Frozen Ramparts
   175 | D:3      | Reached XP level 4. HP: 25/33 MP: 1/9
   180 | D:3      | Learned a level 4 spell: Hailstorm
   234 | D:4      | Found a staircase to the Ecumenical Temple.
   235 | D:4      | Noticed an orc warrior
   241 | D:4      | Gained mutation: You have a pair of small antennae on your
                  | head. [potion of mutation]
   241 | D:4      | Gained mutation: You are agile. (Dex +4, Str/Int -1)
                  | [potion of mutation]
   297 | D:4      | Noticed Sigmund
   306 | D:4      | Killed Sigmund
   307 | D:4      | Reached XP level 5. HP: 9/38 MP: 0/10
   307 | D:4      | Reached XP level 6. HP: 10/45 MP: 0/11
   333 | Temple   | Entered the Ecumenical Temple
   496 | Temple   | Became a worshipper of Vehumet
   528 | D:5      | Entered Level 5 of the Dungeon
   570 | D:5      | Reached skill level 5 in Conjurations
   601 | D:5      | Noticed a black bear
   604 | D:5      | Killed a black bear
   605 | D:5      | Reached XP level 7. HP: 50/50 MP: 3/13
   626 | D:6      | Reached skill level 6 in Ice Magic
   646 | D:7      | Noticed Pikel
   653 | D:7      | HP: 2/50 [lemure[Pikel] (3)]
   655 | D:7      | Killed Pikel
   656 | D:7      | Reached skill level 1 in Fighting
   656 | D:7      | Reached skill level 5 in Spellcasting
   656 | D:7      | Reached skill level 7 in Ice Magic
   656 | D:7      | Reached XP level 8. HP: 4/59 MP: 3/17
   658 | D:7      | Found an opulent altar of Gozag.
   763 | D:8      | Noticed a death yak
   767 | D:8      | Noticed a hornet
   768 | D:8      | Noticed a polar bear
   769 | D:8      | Mangled by a death yak

Illustrated notes

Levels and vault maps discovered:
D:1:      doesnt_arrival_eight_statues, layout_loops_ring
D:2:      layout_basic, ebering_ecumenical_altar_ruins
D:3:      layout_basic, uniq_jessica
D:4:      layout_loops_ring, chequers_temple_overflow_statue_of_worship,
          minmay_temple_entry_glass, uniq_sigmund
D:5:      layout_basic, serial_rivers, chequers_serial_rivers_micro_b,
          chequers_serial_rivers_micro_b, chequers_serial_rivers_micro_a,
          chequers_serial_rivers_micro_b
D:6:      layout_basic, minmay_misc_feat_rugged, minmay_misc_feat_plants,
          st_stairs_6, nicolae_elevator_lobby_plus
D:7:      layout_loops_ring, grunt_gozag_breadcrumbs,
          ebering_dispersal_statue_hall, patterned_corridor, uniq_menkaure,
          uniq_pikel
D:8:      gammafunk_wand_slinger, layout_rooms, serial_ice, serial_ice_f,
          serial_ice_k, serial_ice_h, serial_ice_c, serial_ice_e,
          minmay_joined_circles, uniq_grum
Temple:   eino_temple_rhombus

Skill      XL: |  1  2  3  4  5  6  7  8 |
---------------+-------------------------+-----
Ice Magic      | 5 7 |  7.6
Conjurations   | 4 5 |  5.6
Dodging        | 3 |  3.5
Spellcasting   | 3 5 6 |  6.0
Fighting       | 1 |  1.3
Stealth        | |  1.4

Action                   |  1- 3 |  4- 6 |  7- 9 || total
-------------------------+-------+-------+-------++-------
Melee: Unarmed           |       |     2 |     1 ||     3
 Cast: Freeze            |    12 |     7 |     9 ||    28
       Frozen Ramparts   |     1 |     5 |     5 ||    11
       Hailstorm         |       |     2 |     4 ||     6
  Use: Scroll            |     3 |     2 |     1 ||     6
       Potion            |     1 |     2 |     1 ||     4
Armor: Robe              |     2 |     1 |     5 ||     8
Dodge: Dodged            |     8 |     4 |    19 ||    31
